 Dungeon Crawl Stone Soup version 0.24-a0-365-ga4d96b6 (webtiles) character file.

Game seed: 812169294940585349

1 MatthieuS the Sneak (level 1, 0/10 HPs)
             Began as a Kobold Enchanter on May 27, 2019.
             Slain by a kobold
             ... wielding a +0 dagger
              (4 damage)
             ... on level 1 of the Dungeon.
             The game lasted 00:01:33 (444 turns).

MatthieuS the Sneak (Kobold Enchanter)               Turns: 444, Time: 00:01:34

Health: 0/10       AC:  2    Str:  5    XL:     1   Next: 22%
Magic:  2/3        EV: 15    Int: 16    God:
Gold:   28         SH:  0    Dex: 15    Spells: 3/4 levels left

rFire    . . .     SeeInvis .   a - +1 dagger
rCold    . . .     Gourm    .   (shield restricted)
rNeg     . . .     Faith    .   b - +0 robe
rPois    .         Spirit   .   (no helmet)
rElec    .         Reflect  .   (no cloak)
rCorr    .         Harm     .   (no gloves)
MR       .....                  (no boots)
Stlth    +++.......             (no amulet)
HPRegen  0.03/turn              (no ring)
MPRegen  0.08/turn              (no ring)

@: no status effects
A: small, carnivore
a: no special abilities


You were on level 1 of the Dungeon.
You were not hungry.

You visited 1 branch of the dungeon, and saw 1 of its levels.

You collected 28 gold pieces.

Inventory:

Hand Weapons
 a - a +1 dagger (weapon)
Armour
 b - a +0 robe (worn)
Comestibles
 e - 2 rations


   Skills:
 + Level 1.4 Short Blades
 - Level 2.4 Dodging
 + Level 4.0 Stealth
 + Level 2.2 Spellcasting
 + Level 3.0 Hexes


You had 3 spell levels left.
You knew the following spells:

 Your Spells              Type           Power        Failure   Level  Hunger
a - Corona                Hex            ##.....      6%          1    #......

Your spell library contained the following spells:

 Spells                   Type           Power        Failure   Level  Hunger
 Ensorcelled Hibernation  Hex/Ice        #.....       17%         2    ###....
 Confuse                  Hex            ##......     17%         3    ###....
 Tukima's Dance           Hex            ##......     17%         3    ###....
 Dazzling Spray           Conj/Hex       #.....       32%         3    ###....


Dungeon Overview and Level Annotations

Branches:
Dungeon (1/15)

Altars:


Innate Abilities, Weirdness & Mutations

You are small and have problems with some larger weapons.
You are carnivorous and can eat meat at any time.


Message History

Found 23 sling bullets.
A hobgoblin comes into view.
Aim: a hobgoblin (resting, chance to defeat MR: 64%)
The hobgoblin shouts!
The hobgoblin is outlined in light.
A kobold comes into view. It is wielding a +0 dagger.
The hobgoblin completely misses you.
Found 12 gold pieces.
You see here 23 sling bullets.
The kobold shouts!
You hit the hobgoblin but do no damage. The hobgoblin hits you.
You barely miss the hobgoblin. The hobgoblin barely misses you.
You hit the hobgoblin. The hobgoblin misses you.
You completely miss the hobgoblin. The hobgoblin closely misses you.
The kobold hits you with a +0 dagger.
Ouch! That really hurt!
* * * LOW HITPOINT WARNING * * *
The hobgoblin stops glowing.
As you read the scroll labeled HOPAXO XEKO, it crumbles to dust.
It is a scroll of identify.
You don't have any unidentified items.
Aim: a hobgoblin (lightly wounded, chance to defeat MR: 64%)
The hobgoblin is outlined in light.
You hit the hobgoblin but do no damage. The hobgoblin misses you.
You hit the hobgoblin. The hobgoblin closely misses you.
You hit the hobgoblin. The hobgoblin misses you.
You hit the hobgoblin but do no damage. The hobgoblin barely misses you.
You hit the hobgoblin but do no damage.
The hobgoblin hits you but does no damage.
You hit the hobgoblin but do no damage. The hobgoblin hits you.
* * * LOW HITPOINT WARNING * * *
You barely miss the hobgoblin. The hobgoblin hits you.
* * * LOW HITPOINT WARNING * * *
The hobgoblin stops glowing.
The hobgoblin barely misses you.
The kobold shouts!
The kobold closely misses you.
Aim: a hobgoblin (chance to defeat MR: 64%)
The kobold barely resists.
The kobold barely misses you.
Aim: a hobgoblin (chance to defeat MR: 64%)
The kobold is outlined in light.
You barely miss the kobold. The kobold hits you but does no damage.
You hit the kobold. The kobold completely misses you.
You hit the kobold but do no damage. The kobold completely misses you.
You hit the kobold but do no damage. The kobold closely misses you.
You hit the kobold but do no damage. The kobold hits you with a +0 dagger.
* * * LOW HITPOINT WARNING * * *
You hit the kobold but do no damage. The kobold hits you with a +0 dagger.
You die...

#############
#....@Kg....# #
###.#########.#
..########.....# #.#
.........#.###.### #g#
.......#...# #...# #.#
..####.###.###.#.# #.#
..##.....#.....#.# #.#
..##.###.###.###.#####.#
.....# #.[..........##.#


You could see a hobgoblin and a kobold.

Vanquished Creatures
  A goblin (D:1)
1 creature vanquished.

Notes
Turn   | Place    | Note
-------+----------+-------------------------------------------
     0 | D:1      | MatthieuS the Kobold Enchanter began the quest for the Orb.
     0 | D:1      | Reached XP level 1. HP: 10/10 MP: 3/3
   444 | D:1      | Slain by a kobold

Levels and vault maps discovered:
D:1:      nagdon_arrival_double_spiral, layout_loops_ring

Action                   || total
-------------------------++-------
Melee: Dagger            ||    20
 Cast: Corona            ||     4
  Use: Scroll            ||     1
Armor: Robe              ||     2
Dodge: Dodged            ||    15

Table legend:
 A = Non-vault XP
 B = Vault XP
 C = Vault XP percentage of total XP
 D = Non-vault monster count
 E = Vault monster count
 F = Vault count percentage of total count
                 A         B        C        D         E       F
            +---------+---------+-------+---------+---------+-------
      Total |       2 |       0 |   0.0 |       1 |       0 |   0.0
            +---------+---------+-------+---------+---------+-------
        D:1 |       2 |       0 |   0.0 |       1 |       0 |   0.0
            +---------+---------+-------+---------+---------+-------
